 Dungeon Crawl Stone Soup version 0.26-a0-21-gf97e55d (webtiles) character file.

Game seed: 17819429388121684218, levelgen mode: deterministic

140 Faca the Skirmisher (level 5, 0/48 HPs)
             Began as a Ghoul Fighter on May 26, 2020.
             Slain by Purgy (5 damage)
             ... in a sewer.
             The game lasted 00:04:24 (2596 turns).

Faca the Skirmisher (Ghoul Fighter)                 Turns: 2596, Time: 00:04:25

Health: 0/48       AC:  6    Str: 21    XL:     5   Next: 22%
Magic:  4/4        EV:  7    Int:  3    God:
Gold:   145        SH:  8    Dex:  8    Spells: 4/4 levels left

rFire    . . .     SeeInvis +     - Unarmed
rCold    + . .     Gourm    .   b - +0 kite shield
rNeg     + + +     Faith    .   a - +0 scale mail
rPois    ∞         Spirit   .   (no helmet)
rElec    .         Reflect  .   (no cloak)
rCorr    .         Harm     .   (no gloves)
MR       .....                  (no boots)
Stlth    ..........             (no amulet)
HPRegen  0.00/turn              l - ring of see invisible
MPRegen  0.09/turn              (no ring)

@: mighty, rotting
A: rotting body, claws 1, carnivore, cold resistance 1, negative energy
resistance 3, inhibited regeneration, torment resistance, unbreathing
a: no special abilities


You were in a sewer.
You were not hungry.

You visited 1 branch of the dungeon, and saw 3 of its levels.
You also visited: Sewer.

You collected 145 gold pieces.

Inventory:

Armour
 a - a +0 scale mail (worn)
 b - a +0 kite shield (worn)
Jewellery
 l - a ring of see invisible (left claw)
Scrolls
 e - a scroll of enchant weapon
 g - 2 scrolls of fear {unknown}
 i - 3 scrolls of remove curse
Potions
 c - a potion of might
 h - a potion of flight {unknown}
 m - a potion of haste {unknown}
 o - a potion of resistance
 p - a potion of heal wounds {unknown}
Comestibles
 d - 6 rations
 f - 13 chunks of flesh


   Skills:
 + Level 5.0 Fighting
 - Level 2.6 Armour
 - Level 2.6 Shields
 + Level 4.3 Unarmed Combat


You had 4 spell levels left.
You didn't know any spells.
Your spell library was empty.

Dungeon Overview and Level Annotations

Branches:
Dungeon (3/15)              Sewer (1/1)

Altars:
Gozag
Vehumet

Annotations:
Sewer Purgy


Innate Abilities, Weirdness & Mutations

Your body is rotting away.
You thrive on raw meat.
You are immune to poison.
You have sharp fingernails.
You are carnivorous and can eat meat at any time.
Your flesh is cold resistant. (rC+)
You are immune to negative energy. (rN+++)
You do not regenerate when monsters are visible.
You are immune to unholy pain and torment.
You can survive without breathing.


Message History

Purgy bites you.
* * * LOW HITPOINT WARNING * * *
Purgy claws you but does no damage. Purgy claws you.
* * * LOW HITPOINT WARNING * * *
You feel very mighty all of a sudden. Purgy bites you.
* * * LOW HITPOINT WARNING * * *
Purgy claws you but does no damage. x2
You completely miss Purgy.
Purgy is moderately wounded.
Purgy barely misses you. You block Purgy's attack.
Purgy claws you but does no damage.
You closely miss Purgy.
Purgy is moderately wounded.
Purgy bites you but does no damage. You block Purgy's attack.
Purgy claws you but does no damage.
You claw Purgy!
Purgy is severely wounded.
Purgy bites you.
You die...

## ## =)#.
≈#.# #≈.≈
##...##
#≈≈≈.≈#
#.....##
#≈.T#
##.@##
#...#
##≈.# #..#
#.. #≈.#
#..# ##..#
#.≈≈ #...#
#≈≈###..##
#..≈#...#


You could see Purgy.

Vanquished Creatures
  3 adders
  3 gnolls (D:3)
  4 worms
  4 leopard geckos
  3 orcs (D:3)
  2 giant cockroaches
  5 goblins
  8 hobgoblins
  4 jackals
  A quokka (D:3)
  2 ball pythons
  A bat (D:3)
  12 frilled lizards
  8 kobolds
  10 rats
70 creatures vanquished.

Notes
Turn   | Place    | Note
-------+----------+-------------------------------------------
     0 | D:1      | Faca the Ghoul Fighter began the quest for the Orb.
     0 | D:1      | Reached XP level 1. HP: 19/19 MP: 0/0
    90 | D:1      | Reached XP level 2. HP: 18/26 MP: 1/1
   300 | D:1      | You fall into a shaft and drop 1 floor!
   300 | D:2      | Found a faded altar of an unknown god.
   499 | D:1      | Reached XP level 3. HP: 29/33 MP: 2/2
   505 | D:1      | Reached skill level 4 in Fighting
   667 | D:2      | Found a radiant altar of Vehumet.
  1123 | D:2      | Reached XP level 4. HP: 41/41 MP: 3/3
  1225 | D:2      | Found an opulent altar of Gozag.
  2101 | D:3      | Reached XP level 5. HP: 21/47 MP: 4/4
  2423 | D:3      | Found a glowing drain.
  2444 | D:3      | Reached skill level 5 in Fighting
  2465 | Sewer    | Entered a sewer
  2576 | Sewer    | Noticed Purgy
  2596 | Sewer    | Slain by Purgy

Illustrated notes

Levels and vault maps discovered:
D:1:      dpeg_arrival_shrine, layout_rooms
D:2:      layout_loops_cross, vehumet_crystals, nicolae_gozag_seed_capital,
          chequers_ecumenical_altar_simple_redux, minmay_lizard_king
D:3:      layout_rooms, portal_sewer_entry_b, patterned_corridor
Sewer:    sewer_the_crocodile

Skill      XL: |  1  2  3  4  5 |
---------------+----------------+-----
Unarmed Combat | 3 4 |  4.3
Fighting       | 4 5 |  5.0
Armour         | |  2.6
Shields        | |  2.6

Action                   |  1- 3 |  4- 6 || total
-------------------------+-------+-------++-------
Melee: Unarmed           |   114 |   170 ||   284
  Use: Scroll            |     6 |     3 ||     9
       Potion            |       |     1 ||     1
  Eat: Chunk             |     3 |     3 ||     6
Armor: Scale mail        |    49 |    66 ||   115
Dodge: Dodged            |    31 |    33 ||    64
Block: Kite shield       |    45 |    67 ||   112

Table legend:
 A = Non-vault XP
 B = Vault XP
 C = Vault XP percentage of total XP
 D = Non-vault monster count
 E = Vault monster count
 F = Vault count percentage of total count
                 A         B        C        D         E       F
            +---------+---------+-------+---------+---------+-------
      Total |     163 |      37 |  18.5 |      47 |      23 |  32.9
            +---------+---------+-------+---------+---------+-------
        D:1 |      42 |       0 |   0.0 |      18 |       0 |   0.0
        D:2 |      54 |      13 |  19.4 |      16 |      11 |  40.7
        D:3 |      67 |      15 |  18.3 |      13 |       7 |  35.0
      Sewer |       0 |       9 | 100.0 |       0 |       5 | 100.0
            +---------+---------+-------+---------+---------+-------
